 Dungeon Crawl Stone Soup version 0.25-a0-1113-g0499d652a8 (webtiles) character file.

Game seed: 14924459870812060153, levelgen mode: deterministic

807 vurker the Magician (level 7, 38/53 HPs)
             Began as a Mummy Necromancer on May 16, 2020.
             Quit the game on level 5 of the Dungeon.
             The game lasted 00:09:03 (5592 turns).

vurker the Magician (Mummy Necromancer)             Turns: 5592, Time: 00:09:03

Health: 38/53      AC:  8    Str: 17      XL:     7   Next: 60%
Magic:  13/17      EV: 11    Int: 16      God:
Gold:   163        SH:  0    Dex:  9 (13) Spells: 12/20 levels left

rFire    x . .     SeeInvis +   q - +2 dagger (pain)
rCold    + . .     Gourm    .   (no shield)
rNeg     + + +     Faith    .   c - +2 leather armour {rN+}
rPois    ∞         Spirit   .   l - +0 helmet
rElec    .         Reflect  .   (no cloak)
rCorr    .         Harm     .   a - +0 pair of gloves
MR       .....                  h - +0 pair of boots
Stlth    +.........             e - amulet of regeneration
HPRegen  0.57/turn              g - ring of see invisible
MPRegen  0.15/turn              i - +6 ring of strength

@: very slightly contaminated
A: no food or potions, fire vulnerability, cold resistance 1, negative energy
resistance 3, torment resistance, unbreathing
a: no special abilities


You were on level 5 of the Dungeon.
You were not hungry.

You visited 1 branch of the dungeon, and saw 5 of its levels.

You collected 163 gold pieces.

Inventory:

Hand Weapons
 q - a +2 dagger of pain (weapon)
   (You took it off a goblin on level 3 of the Dungeon)
Armour
 a - a +0 pair of gloves (worn)
   (You found it on level 4 of the Dungeon)
 c - a +2 leather armour of positive energy (worn)
   (You found it on level 1 of the Dungeon)
 h - a +0 pair of boots (worn)
   (You found it on level 2 of the Dungeon)
 l - a +0 helmet (worn)
   (You took it off Robin on level 3 of the Dungeon)
Jewellery
 e - an amulet of regeneration (around neck)
   (You found it on level 2 of the Dungeon)
 g - a ring of see invisible (left hand)
   (You found it on level 2 of the Dungeon)
 i - a +6 ring of strength (right hand)
   (You found it on level 2 of the Dungeon)
Wands
 o - a wand of clouds (2)
   (You took it off an orc on level 3 of the Dungeon)
Scrolls
 b - a scroll of magic mapping
 d - a scroll of noise
 f - a scroll of identify
 j - a scroll of amnesia {unknown}
 k - 2 scrolls of remove curse
 m - a scroll of enchant weapon {unknown}
 n - a scroll of teleportation {unknown}
 p - a scroll of fog


   Skills:
 + Level 3.7 Fighting
 - Level 1.5 Dodging
 - Level 1.5 Stealth
 * Level 7.0 Spellcasting
 * Level 6.6 Necromancy


You had 12 spell levels left.
You knew the following spells:

 Your Spells              Type           Power        Failure   Level  Hunger
a - Pain                  Necr           ####         1%          1    N/A
c - Vampiric Draining     Necr           ####......   3%          3    N/A
q - Animate Dead          Necr           N/A          10%         4    N/A

Your spell library contained the following spells:

 Spells                   Type           Power        Failure   Level  Hunger
 Animate Skeleton         Necr           N/A          1%          1    N/A
 Agony                    Necr           ####....     26%         5    N/A

Dungeon Overview and Level Annotations

Branches:
Dungeon (5/15)
 Temple: D:4-7

Altars:
Cheibriados
Fedhas
Nemelex Xobeh
Wu Jian
Xom
Zin
The Shining One

Annotations:
D:3 Grinder


Innate Abilities, Weirdness & Mutations

You do not eat or drink.
Your flesh is vulnerable to fire.
You are immune to poison.
Your flesh is cold resistant. (rC+)
You are immune to negative energy. (rN+++)
You are immune to unholy pain and torment.
You can survive without breathing.


Message History

Your orc zombie hits the crimson imp.
You barely miss the wight.
The crimson imp barely misses your orc zombie.
Your orc zombie barely misses the crimson imp.
You barely miss the wight. The crimson imp hits your orc zombie.
Your orc zombie is destroyed!
The wight barely misses you.
The wight hits you with a cursed +4 short sword of freezing!
The wight freezes you.
You hit the wight but do no damage. The wight barely misses you.
The wight hits you with a +0 battleaxe!
* * * LOW HITPOINT WARNING * * *
Your orc zombie misses the crimson imp.
You hit the crimson imp. The crimson imp hits you.
* * * LOW HITPOINT WARNING * * *
The wight barely misses you. The wight hits you with a +0 battleaxe.
* * * LOW HITPOINT WARNING * * *
The crimson imp closely misses you.
Your orc zombie closely misses the crimson imp.
You swap places.
The crimson imp barely misses you.
The wight barely misses your orc zombie.
Your orc zombie closely misses the crimson imp.
The wight barely misses your orc zombie.
Your orc zombie closely misses the crimson imp.
Something hits your orc zombie.
Your orc zombie hits the wight.
You completely miss the crimson imp.
The crimson imp hits you but does no damage.
You closely miss the crimson imp.
The crimson imp hits you but does no damage.
Something hits your orc zombie!!
Your orc zombie is destroyed!
You miss the crimson imp.
The crimson imp hits you but does no damage.
You hit the crimson imp. The crimson imp barely misses you.
You barely miss the crimson imp.
The crimson imp blinks!
You can't see any susceptible monsters within range! (Use Z to cast anyway.)
You can't see any susceptible monsters within range! (Use Z to cast anyway.)
The crimson imp blinks!
The crimson imp hits you but does no damage.
The crimson imp hits you but does no damage.
The crimson imp blinks!
Things that are here:
a +0 hunting sling; a +0 chain mail; a lumpy ruby potion Quiver which item? (- for none, * to show all) (? for menu, Esc to quit)
Okay, then.
You miscast Animate Dead.
You are very lightly contaminated with residual magic.
Nothing appears to happen.
The crimson imp blinks!

## #.##.##########
###.##..........#######
#.......>.............#
#.#.######.####.#.###.#
##>#.# #.# #@#.###.#
.....# ##.## #.z...#.#
...#.#####...#####.#.#.#
#.)........#.....#z..#.#
#.#..#####...###.##..#.#
#.#.z# ##.## #.##§.#.#
#.#..# #.####.##..#.#
..#.[######.....#......#
###.......######z##..###


You could see 2 wights.

Vanquished Creatures
  Sigmund (D:3)
  Duvessa (D:4)
  A bullfrog (D:4)
  Dowan (D:4)
  A hound (D:4)
  A quasit (D:5)
  2 orc priests (D:4)
  An orc wizard (D:5)
  Jessica (D:3)
  An iguana (D:4)
  A hound zombie (D:3)
  A hound skeleton (D:4)
  Robin (D:3)
  8 adders
  An ooze (D:1)
  4 dart slugs
  A leopard gecko (D:4)
  16 orcs
  10 bats
  16 goblins
  12 hobgoblins
  10 jackals
  5 kobolds
  5 quokkas
  3 frilled lizards
  A quokka zombie (D:5)
  9 rats
115 creatures vanquished.

Notes
Turn   | Place    | Note
-------+----------+-------------------------------------------
     0 | D:1      | vurker the Mummy Necromancer began the quest for the Orb.
     0 | D:1      | Reached XP level 1. HP: 13/13 MP: 4/4
   161 | D:1      | Reached skill level 3 in Spellcasting
   320 | D:1      | Reached XP level 2. HP: 20/20 MP: 3/6
   858 | D:1      | Reached XP level 3. HP: 25/25 MP: 5/8
   861 | D:1      | Reached skill level 1 in Fighting
  1628 | D:2      | Found a faded altar of an unknown god.
  1724 | D:2      | Reached skill level 4 in Spellcasting
  1724 | D:2      | Reached XP level 4. HP: 29/32 MP: 1/10
  1932 | D:2      | Found a shimmering altar of Xom.
  1934 | D:2      | Noticed an angel
  1937 | D:2      | Found a glowing silver altar of Zin.
  2162 | D:2      | Found a glowing golden altar of the Shining One.
  2491 | D:3      | Noticed Grinder
  2540 | D:3      | Noticed Jessica
  2551 | D:3      | Killed Jessica
  2551 | D:3      | Reached skill level 5 in Necromancy
  2634 | D:3      | Reached XP level 5. HP: 33/38 MP: 11/11
  2857 | D:3      | Noticed Robin
  3220 | D:3      | Killed Robin
  3290 | D:3      | Learned a level 4 spell: Animate Dead
  3294 | D:3      | Learned a level 3 spell: Vampiric Draining
  3484 | D:3      | Noticed Sigmund
  3649 | D:3      | Found a blossoming altar of Fedhas.
  3692 | D:3      | Killed Sigmund
  3692 | D:3      | Reached skill level 5 in Spellcasting
  3692 | D:3      | Reached XP level 6. HP: 27/46 MP: 5/14
  4050 | D:4      | Found a sparkling altar of Nemelex Xobeh.
  4330 | D:4      | Noticed Duvessa
  4331 | D:4      | Noticed Dowan
  4346 | D:4      | Killed Dowan
  4346 | D:4      | Reached skill level 6 in Spellcasting
  4385 | D:4      | Killed Duvessa
  4385 | D:4      | Reached XP level 7. HP: 30/52 MP: 4/16
  4585 | D:4      | Found a snail-covered altar of Cheibriados.
  4990 | D:4      | Found an ornate altar of the Wu Jian Council.
  5133 | D:5      | Entered Level 5 of the Dungeon
  5423 | D:5      | Reached skill level 7 in Spellcasting
  5592 | D:5      | Quit the game

Illustrated notes

Levels and vault maps discovered:
D:1:      minmay_arrival_doors, layout_loops_ring, solitary_fountain,
          patterned_corridor
D:2:      layout_basic, grunt_temple_overflow_order_and_chaos_1,
          chequers_ecumenical_altar_island, first_ration, lemuel_statue_altar
D:3:      layout_loops_corners, fedhas_altar_1, uniq_robin, uniq_sigmund,
          uniq_grinder, uniq_jessica
D:4:      layout_loops_ring, marbit_many_paths, lemuel_crystal_altar,
          lemuel_crystal_altar, uniq_duvessa
D:5:      layout_loops_ring, nicolae_overflow_crystal_walls, serial_shops,
          nicolae_shop_behind_doors

Skill      XL: |  1  2  3  4  5  6  7 |
---------------+----------------------+-----
Spellcasting   | 3 4 5 6 7 |  7.0
Fighting       | 1 2 3 |  3.7
Necromancy     | 5 6 |  6.6
Dodging        | |  1.5
Stealth        | |  1.5

Action                   |  1- 3 |  4- 6 |  7- 9 || total
-------------------------+-------+-------+-------++-------
Melee: Dagger            |    24 |    66 |   104 ||   194
 Cast: Pain              |    75 |   123 |    48 ||   246
       Animate Dead      |       |     3 |     1 ||     4
Evoke: Wand              |       |     3 |       ||     3
  Use: Scroll            |       |       |     4 ||     4
Armor: Leather armour    |    20 |    28 |    59 ||   107
       Robe              |     1 |       |       ||     1
Dodge: Dodged            |    34 |    53 |    98 ||   185

Table legend:
 A = Non-vault XP
 B = Vault XP
 C = Vault XP percentage of total XP
 D = Non-vault monster count
 E = Vault monster count
 F = Vault count percentage of total count
                 A         B        C        D         E       F
            +---------+---------+-------+---------+---------+-------
      Total |     612 |     541 |  46.9 |      97 |      18 |  15.7
            +---------+---------+-------+---------+---------+-------
        D:1 |      55 |       0 |   0.0 |      28 |       0 |   0.0
        D:2 |      78 |       0 |   0.0 |      18 |       0 |   0.0
        D:3 |      94 |     297 |  76.0 |      26 |      15 |  36.6
        D:4 |     264 |     244 |  48.0 |      13 |       3 |  18.8
        D:5 |     121 |       0 |   0.0 |      12 |       0 |   0.0
            +---------+---------+-------+---------+---------+-------
